 Dungeon Crawl Stone Soup version 0.27.1 (webtiles) character file.

Game seed: 2107522828849575382

255 Malachi the Chiller (level 5, -9/35 HPs)
             Began as a Demonspawn Ice Elementalist on Aug 25, 2021.
             Blown up by Ijyb (22 damage)
             ... with a mindburst bolt
             ... on level 3 of the Dungeon.
             The game lasted 00:05:42 (5479 turns).

Malachi the Chiller (Demonspawn Ice Elementalist)   Turns: 5479, Time: 00:05:42

Health: -9/35      AC:  2    Str:  9    XL:     5   Next: 91%
Magic:  7/10       EV: 12    Int: 17    God:
Gold:   67         SH:  0    Dex: 13    Spells: 4/11 levels left

rFire    . . .     SeeInvis .   (no weapon)
rCold    . . .     Faith    .   (no shield)
rNeg     . . .     Spirit   .   a - +0 robe
rPois    .         Reflect  .   (helmet restricted)
rElec    .         Harm     .   (no cloak)
rCorr    .         Rampage  .   (no gloves)
Will     .....                  (no boots)
Stlth    ++........             (no amulet)
HPRegen  0.11/turn              (no ring)
MPRegen  0.24/turn              (no ring)

@: freezing walls
A: antennae 2, claws 1, magic regeneration
a: no special abilities


You were on level 3 of the Dungeon.
You visited 1 branch of the dungeon, and saw 3 of its levels.

You collected 67 gold pieces.

Inventory:

Hand Weapons
 b - a +0 dagger
Missiles
 d - a throwing net
Armour
 a - a +0 robe (worn)
 i - a +0 pair of gloves
Jewellery
 c - a +6 ring of intelligence
 l - a +4 ring of protection
Scrolls
 f - 2 scrolls of silence
 k - a scroll of fog
 m - a scroll of identify
 o - a scroll of teleportation
 q - a scroll of torment {unknown}
Potions
 e - a potion of berserk rage
 g - a potion of cancellation {unknown}
 j - a potion of magic
 n - a potion of haste {unknown}
 p - a potion of brilliance {unknown}


   Skills:
 - Level 1.7 Dodging
 - Level 1.7 Stealth
 + Level 0.9 Unarmed Combat
 + Level 3.5 Spellcasting
 * Level 5.7 Ice Magic


You had 4 spell levels left.
You knew the following spells:

 Your Spells              Type           Power      Damage    Failure   Level
a - Freeze                Ice            88%        1d10      1%          1
b - Frozen Ramparts       Ice            44%        1d6       4%          3
c - Ozocubu's Armour      Ice            22%        N/A       4%          3

Your spell library contained the following spells:

 Spells                   Type           Power      Damage    Failure   Level
 Hailstorm                Conj/Ice       12%        3d5       45%         4
 Ice Form                 Ice/Tmut       12%        N/A       45%         4
 Summon Ice Beast         Ice/Summ       12%        N/A       45%         4


Dungeon Overview and Level Annotations

Branches:
Dungeon (3/15)

Altars:

Annotations:
D:3 3 runed translucent doors, Grinder; Ijyb; Jabberih's ghost, amateur DrCj


Innate Abilities, Weirdness & Mutations

You have a pair of antennae on your head.
You have sharp fingernails.
You regenerate magic rapidly.


Message History

The wall freezes the worm!
You kill the worm!
Unknown command.
You scratch the kobold but do no damage.
The kobold is heavily wounded.
The wall freezes the kobold.
You kill the kobold!
No target in view!
No target in view!
You start resting.
The frozen ramparts melt away.
You start resting.
Magic restored.
You start resting.
Ijyb the Twisted Goblin comes into view.
She is wielding a +0 dagger and carrying a wand of mindburst (7).
Ijyb is nearby!
Ijyb is nearby!
Ijyb is nearby!
Ijyb shouts!
Ijyb zaps a wand.
Your mind is blasted!
Ouch! That really hurt!
* * * LOW HITPOINT WARNING * * *
You are too injured to fight recklessly!
There is an open door here.
You close the door.
You are confused.
You feel invigorated.
Something unseen opens the door.
You feel less invigorated.
You feel less confused.
Ijyb zaps a wand.
You barely resist.
Casting: Frozen Ramparts (dangerous; 4% risk of failure)
Confirm with . or Enter, or press ? or * to list all spells.
Casting: Frozen Ramparts (dangerous; 4% risk of failure)
Press: ? - help, Dir - look around, f - activate The walls around you are covered in ice.
The wall freezes Ijyb!
Ijyb hits you with a +0 dagger.
Unknown command.
The wall freezes Ijyb.
Ijyb zaps a wand.
Your mind is blasted!
Ouch! That really hurt!
You die...

#######
........#
........# .
.......#
..#......#
##. #....#
#...#....###
#..#..)g)#
#....#@#
#....#)#
#......#.#
.....g...#.#
.........#.#
.........#.#
##########.#
..# .##


You could see Ijyb.

Vanquished Creatures
  An orc priest (D:2)
  Jessica (D:2)
  Terence (D:2)
  Robin (D:3)
  7 adders
  An ufetubus (D:2)
  3 worms
  A dart slug (D:1)
  4 orcs
  5 ball pythons
  7 endoplasms
  18 goblins
  7 hobgoblins
  7 kobolds
  2 quokkas
  5 bats
  2 frilled lizards
  8 rats
81 creatures vanquished.

Vanquished Creatures (others)
  2 fungi (D:3)
  2 plants (D:3)
4 creatures vanquished.

Grand Total: 85 creatures vanquished

Notes
Turn   | Place    | Note
-------+----------+-------------------------------------------
     0 | D:1      | Malachi the Demonspawn Ice Elementalist began the quest for
                  | the Orb.
     0 | D:1      | Reached XP level 1. HP: 13/13 MP: 3/3
   651 | D:1      | Gained mutation: You have a pair of small antennae on your
                  | head. [demonic ancestry]
   651 | D:1      | Reached XP level 2. HP: 19/19 MP: 0/5
   739 | D:1      | Reached skill level 4 in Ice Magic
  1225 | D:1      | Found a faded altar of an unknown god.
  1815 | D:1      | Gained mutation: You regenerate magic rapidly. [demonic
                  | ancestry]
  1815 | D:1      | Reached XP level 3. HP: 24/24 MP: 3/6
  2056 | D:2      | Learned a level 3 spell: Frozen Ramparts
  2125 | D:2      | Gained mutation: You have a pair of antennae on your head.
                  | [demonic ancestry]
  2125 | D:2      | Reached XP level 4. HP: 12/30 MP: 1/8
  2582 | D:2      | Noticed Jessica
  2586 | D:2      | Killed Jessica
  2587 | D:2      | Reached skill level 5 in Ice Magic
  3072 | D:2      | Gained mutation: You have sharp fingernails. [demonic
                  | ancestry]
  3072 | D:2      | Reached XP level 5. HP: 35/35 MP: 6/9
  3412 | D:2      | Noticed Terence
  3421 | D:2      | Killed Terence
  4234 | D:3      | Noticed Robin
  4246 | D:3      | Killed Robin
  4510 | D:3      | Learned a level 3 spell: Ozocubu's Armour
  4664 | D:3      | Found a runed translucent gate.
  4664 | D:3      | Found a runed translucent gate.
  4664 | D:3      | Found a runed translucent gate.
  4666 | D:3      | Noticed Jabberih's ghost (amateur DrCj)
  4781 | D:3      | Noticed Grinder
  5152 | D:3      | Paralysed by Grinder for 2 turns
  5162 | D:3      | Paralysed by Grinder for 3 turns
  5467 | D:3      | Noticed Ijyb
  5479 | D:3      | Blown up by Ijyb

Illustrated notes

Levels and vault maps discovered:
D:1:      dpeg_arrival_subterranean_lakeside_camping, layout_basic,
          serial_forest, infiniplex_forest_straight_3,
          infiniplex_forest_clump_long, infiniplex_forest_zigzag_1,
          infiniplex_forest_straight_4, infiniplex_forest_clump_medium,
          infiniplex_forest_zigzag_1, infiniplex_forest_lined_3,
          basic_ecumenical_altar, chequers_serial_rivers_small_3
D:2:      layout_basic, uniq_jessica, uniq_terence
D:3:      layout_loops_ring, gammafunk_ghost_nasty_kobolds,
          kennysheep_generic_room_2, uniq_grinder, uniq_robin, uniq_ijyb

Skill      XL: |  1  2  3  4 |
---------------+-------------+-----
Ice Magic      | 4 5 |  5.7
Spellcasting   | 3 |  3.5
Dodging        | |  1.7
Stealth        | |  1.7
Unarmed Combat | |  0.9

Action                   |  1- 3 |  4- 6 || total
-------------------------+-------+-------++-------
Melee: Dagger            |    10 |     3 ||    13
       Unarmed           |       |    45 ||    45
       Punch             |       |     2 ||     2
 Cast: Freeze            |    43 |    40 ||    83
       Frozen Ramparts   |     1 |    15 ||    16
       Ozocubu's Armour  |       |     2 ||     2
  Use: Scroll            |       |     9 ||     9
       Potion            |       |     1 ||     1
 Stab: Sleeping          |     1 |       ||     1
Armor: Robe              |     4 |    14 ||    18
Dodge: Dodged            |    31 |    55 ||    86
